[Event "SWVG Arnold Classic Prestige All 2019"]
[Site "Sandton"]
[Date "2019.05.18"]
[Round "3.6"]
[White "Khumalo, Keith"]
[Black "Oosthuizen, Michal Jacobus"]
[Result "1-0"]
[ECO "E09"]
[WhiteElo "2086"]
[BlackElo "1512"]
[Annotator "NA RC"]
[PlyCount "95"]
[EventDate "2019.05.18"]
[EventType "swiss"]
[EventCountry "RSA"]
[SourceTitle "playchess.com"]
[Source "ChessBase"]
[SourceQuality "1"]
[TimeControl "1500+10"]

1. d4 Nf6 2. c4 e6 3. Nf3 c6 4. g3 d5 5. Qc2 b6 6. Bg2 Ba6 7. Nbd2 Nbd7 8. O-O Be7 9. Rd1 O-O 10. b3 Rc8 11. e4 dxe4 12. Nxe4 Nxe4 13. Qxe4 Nf6 {[%emt 0:00:01] E09: Closed Catalan: Main Line: 7 Qc2 c6 8 Nbd2} (13... b5 14. Qc2 bxc4 15. bxc4 c5 16. Ne5 cxd4 17. Rxd4 Nxe5 18. Rxd8 Rfxd8 19. Bf4 Rxc4 20. Qb3 Nd3 21. Be3 {1-0 (36) Gajewski,G (2607)-Babula,V (2566) Wroclaw 2011}) 14. Qe2 Qc7 15. Bf4 Bd6 16. Ne5 Bxe5 $146 ({Predecessor:} 16... Nd5 17. Bd2 Ne7 18. Bc3 f6 19. Nd3 Qd7 20. Re1 Kf7 21. Rad1 {1-0 (32) Svitil,R (1798)-Jirka,J (1724) ICCF email 2015}) 17. Bxe5 Qe7 18. g4 c5 19. dxc5 Rxc5 20. Bd6 Qe8 21. Bxc5 bxc5 22. g5 Nd7 23. Bc6 Bc8 24. Qd2 Qe7 25. f4 Nb8 26. Qd6 Nxc6 27. Qxc6 f6 28. Qd6 Qf7 29. Qxc5 fxg5 30. Qxg5 Qc7 31. Rd4 Rf6 32. Qe5 Rg6+ 33. Kf2 Qe7 34. Rf1 Qh4+ 35. Ke3 Qh3+ 36. Rf3 Qh4 37. Rd1 Qe7 38. Qd4 Kf7 39. Qd6 Qb7 40. c5 Rg2 41. Rf2 Rxf2 42. Kxf2 Qe4 43. Qc7+ Kg6 44. Rg1+ Kh5 45. Qf7+ Kh4 46. Qe7+ Kh3 47. Rg3+ Kxh2 48. Qh4# 1-0

[Event "SWVG Arnold Classic Prestige All 2019"]
[Site "Sandton"]
[Date "2019.05.18"]
[Round "3.7"]
[White "Van Der Walt, Pierre E."]
[Black "Bhawoodien, Shabir Hussain"]
[Result "0-1"]
[ECO "B23"]
[WhiteElo "1993"]
[BlackElo "2020"]
[Annotator "NA"]
[PlyCount "88"]
[EventDate "2019.05.18"]
[EventType "swiss"]
[EventCountry "RSA"]
[SourceTitle "playchess.com"]
[Source "ChessBase"]
[SourceQuality "1"]
[TimeControl "1500+10"]

1. e4 c5 2. Nc3 g6 3. f4 Bg7 4. Nf3 Nc6 5. Bb5 Nd4 6. O-O Nxb5 7. Nxb5 a6 8. Nc3 b5 {[%emt 0:00:03] B23: Closed Sicilian: Lines without g3} 9. d3 Bb7 10. Qe1 d6 (10... Nf6 11. a3 Rc8 12. Bd2 d6 13. Qh4 Qd7 14. h3 d5 15. exd5 Nxd5 16. Rae1 e6 17. Ne4 Qe7 18. Qxe7+ {½-½ (18) Pirs,M (2534)-Vesely,P (2581) ICCF email 2014}) 11. f5 Nf6 12. Qh4 b4 13. Ne2 Nd7 $146 ({Predecessor:} 13... Qc7 14. Bh6 Bxh6 15. Qxh6 O-O-O 16. Ng5 {0-1 (51) Fugmann,B (1991)-Hobusch,W (2111) Bad Neuenahr 2014}) 14. Rb1 Bf6 15. Qh6 (15. Qh3 $14) 15... d5 16. Ng3 Ne5 17. Bg5 Nxf3+ 18. Rxf3 Bxg5 19. Qxg5 h6 (19... dxe4 $11 {remains equal.} 20. Nxe4 Bxe4 21. dxe4 Qd4+ 22. Kh1 Qe5) 20. Qe3 d4 21. Qf4 Qb8 $1 22. Qg4 Qd6 23. Rbf1 h5 ({Black should try} 23... g5) 24. Qh4 O-O-O 25. fxg6 fxg6 26. Qf4 $2 (26. Rf7 $18) 26... h4 (26... Qxf4 $1 $11 {remains equal.} 27. Rxf4 Kd7) 27. Qxd6 ({Better is} 27. Ne2 $16) 27... exd6 28. Ne2 d5 29. e5 Rhe8 30. Rf6 (30. Nf4 $142) 30... Rxe5 {[%emt 0:00:13] [#]} 31. Nf4 $1 c4 ({Better is} 31... g5 32. Ne6 {[%mdl 64] Double Attack} Re8 33. Nxc5 {[%mdl 64] Discovered Attack} Re2) 32. Nxg6 Re3 33. R6f3 Re2 34. R3f2 Re3 35. Nf4 $2 ({Better is} 35. Nxh4 $18 cxd3 36. Nf5) 35... Rg8 36. Rf3 Kd7 37. Kf2 Rge8 38. h3 Kd6 39. Kg1 Kc5 40. Ng6 a5 $11 41. Nxh4 Ba6 42. Nf5 Re2 43. R1f2 Re1+ 44. Kh2 a4 0-1

[Event "SWVG Arnold Classic Prestige All 2019"]
[Site "Sandton"]
[Date "2019.05.18"]
[Round "3.8"]
[White "Erlank, Warrick"]
[Black "Meiboom, Cornelis"]
[Result "1-0"]
[ECO "B80"]
[WhiteElo "2006"]
[BlackElo "1788"]
[Annotator "NA RC"]
[PlyCount "58"]
[EventDate "2019.05.18"]
[EventType "swiss"]
[EventCountry "RSA"]
[SourceTitle "playchess.com"]
[Source "ChessBase"]
[SourceQuality "1"]
[TimeControl "1500+10"]

1. e4 c5 2. Nf3 e6 3. d4 cxd4 4. Nxd4 Nf6 5. Nc3 d6 6. Be3 Nc6 7. f3 Be7 8. Qd2 d5 {[%emt 0:00:01] B80: Sicilian Scheveningen: 6 g3 and 6 Be3, including English Attack} (8... O-O 9. O-O-O d5 10. Be2 dxe4 11. Nxc6 bxc6 12. Qxd8 Bxd8 13. Nxe4 Nxe4 14. fxe4 Bb6 15. Bxb6 axb6 16. a3 Ba6 17. Bxa6 Rxa6 18. Rd6 {1-0 (78) Saric,I (2689)-Korobov,A (2685) Biograd 2018}) 9. exd5 Nxd5 10. O-O-O $146 ({Predecessor:} 10. Nxc6 bxc6 11. Nxd5 cxd5 12. Bb5+ Bd7 13. Bxd7+ Qxd7 14. O-O O-O 15. Rfd1 Rfc8 16. c3 Rab8 17. b4 Rc4 18. a4 Bf6 19. Ra3 Rbc8 20. Bc5 Qc7 21. a5 Rxc5 {0-1 (21) Taban,Y (1646)-Gocer,O (1572) Konya 2017}) 10... Nxe3 11. Qxe3 Bc5 12. Bb5 O-O 13. Bxc6 bxc6 14. Qe5 Bxd4 15. Rxd4 Qb6 16. Rhd1 f6 17. Qd6 c5 18. Na4 Qxd6 19. Rxd6 c4 20. Rc6 Bb7 21. Rc7 Bd5 22. Nc3 Rfd8 23. Rc5 Bb7 24. Rxd8+ Rxd8 25. Rxc4 Rd7 26. b4 Kf7 27. Na4 Bd5 28. Rd4 $16 Rc7 29. a3 Rc3 $2 (29... Ba2 30. Nc5 e5) 1-0

[Event "SWVG Arnold Classic Prestige All 2019"]
[Site "Sandton"]
[Date "2019.05.18"]
[Round "3.9"]
[White "Fourie, Brandon"]
[Black "Steyn, Hans"]
[Result "1/2-1/2"]
[ECO "A07"]
[WhiteElo "1566"]
[BlackElo "1820"]
[Annotator "NA"]
[PlyCount "142"]
[EventDate "2019.05.18"]
[EventType "swiss"]
[EventCountry "RSA"]
[SourceTitle "playchess.com"]
[Source "ChessBase"]
[SourceQuality "1"]
[TimeControl "1500+10"]

1. Nf3 d5 2. g3 Nf6 3. Bg2 c6 4. O-O a6 5. d4 Bf5 6. Nbd2 h6 7. c4 e6 8. Ne5 Be7 9. b3 O-O 10. Bb2 Nbd7 11. Re1 Rc8 12. Ndf3 Bh7 13. a3 Be4 14. Qd2 Re8 15. Rac1 Bf8 16. Qf4 Nxe5 17. Nxe5 Bxg2 18. Kxg2 Bd6 19. f3 Qe7 20. c5 Bb8 21. Qh4 Nd7 22. Qxe7 Rxe7 23. Nxd7 Rxd7 24. b4 Re8 25. e3 f6 26. a4 Rde7 27. Kf2 e5 28. Bc3 Kf7 29. a5 Kg6 30. Rcd1 Re6 31. Rc1 Bc7 32. Rcd1 Kf7 33. Rc1 g6 34. Rb1 h5 35. Ra1 Bd8 36. Rad1 Be7 (36... e4 $15) 37. Rc1 Bf8 38. Re2 Bg7 39. Rce1 Bh6 40. Bb2 Bg5 41. Ba1 Bh6 42. Bb2 Bg7 43. Bc3 f5 44. Bb2 Bf6 45. Ba1 ({Better is} 45. dxe5 $11 Bxe5 46. Bxe5 Rxe5 47. h4) 45... Bg7 46. Bc3 Rg8 ({Black should try} 46... g5 $15) 47. f4 (47. dxe5 $11 Bxe5 48. Bxe5 Rxe5 49. h4) 47... exf4 48. exf4 Re4 49. Rxe4 dxe4 50. h4 Ke6 51. Ke3 Kd5 52. Rc1 {[%emt 0:00:12] [#]} Kc4 $1 53. Bd2+ Kb5 54. Bc3 Rd8 $19 55. Rc2 Rd5 56. Rc1 Kc4 57. Bd2+ Kb3 58. Bc3 Ka2 $2 (58... Bf6 $19 59. Ba1 Rd7 60. Rb1+ Kc4 61. Rc1+ Kxb4 62. Bc3+ Kb3) 59. Rc2+ $2 {[%emt 0:00:15] [#]} (59. Ra1+ $1 $11 {and White has nothing to worry.} Kb3) 59... Kb1 $2 ({Black should try} 59... Ka3 $1 $19 60. Ba1 Rd8) 60. Rd2 Kc1 61. Ra2 Bf6 62. Rf2 Kb1 63. Rb2+ Kc1 64. Rf2 Bh8 65. Ra2 Rd8 66. Rg2 Rc8 67. Rh2 Kb1 68. Rd2 Bf6 $2 {[%emt 0:00:22] [#]} (68... Rd8 $11 {and Black has nothing to worry.}) 69. Rf2 $2 (69. Ke2 $1 $18) 69... Bd8 70. Rb2+ Kc1 71. Rf2 Be7 1/2-1/2

[Event "SWVG Arnold Classic Prestige All 2019"]
[Site "Sandton"]
[Date "2019.05.18"]
[Round "3.10"]
[White "Masiya, Mfundo"]
[Black "Molepo, Maropeng Quintallio"]
[Result "1-0"]
[ECO "C45"]
[WhiteElo "1856"]
[BlackElo "1723"]
[Annotator "NA RC"]
[PlyCount "49"]
[EventDate "2019.05.18"]
[EventType "swiss"]
[EventCountry "RSA"]
[SourceTitle "playchess.com"]
[Source "ChessBase"]
[SourceQuality "1"]
[TimeControl "1500+10"]

1. e4 e5 2. Nf3 Nc6 3. d4 exd4 4. Nxd4 Nf6 5. Nxc6 bxc6 6. e5 Qe7 7. Qe2 Nd5 8. c4 Ba6 9. Nd2 Nb6 10. b3 {[%emt 0:00:16] C45: Scotch Game} Qe6 (10... g6 11. Ne4 Bg7 12. Nf6+ Bxf6 13. exf6 Qxe2+ 14. Bxe2 c5 15. O-O O-O-O 16. Bg4 h5 17. Bh3 Kb8 {½-½ (30) Fier,A (2572)-Rodshtein,M (2664) Germany 2014}) 11. Bb2 Bc5 12. f4 $146 ({Predecessor:} 12. O-O-O O-O-O 13. Ne4 Be7 14. Qe1 Bb7 15. Qa5 d5 16. cxd5 Rxd5 17. Rxd5 Qxd5 18. Qxd5 cxd5 {1-0 (59) Murariu,A (2380)-Burnoiu,N (2410) Bucharest 2004}) 12... O-O 13. O-O-O Rab8 14. Qe4 Qe7 15. Bd3 g6 16. f5 Ba3 17. f6 Bxb2+ 18. Kxb2 Na4+ 19. Ka1 Qb4 20. Nb1 Nc3 {[%emt 0:00:42] [#]} 21. Qe3 $1 Qa5 22. Rd2 Kh8 {[%emt 0:05:28] [#]} 23. Bxg6 $1 Nxb1 {[%emt 0:00:16] [#]} 24. Qh6 $1 Qc3+ 25. Rb2 1-0

[Event "SWVG Arnold Classic Prestige All 2019"]
[Site "Sandton"]
[Date "2019.05.18"]
[Round "3.11"]
[White "Levy, Darren"]
[Black "Goosen, Anton"]
[Result "0-1"]
[ECO "D00"]
[WhiteElo "1836"]
[BlackElo "1965"]
[Annotator "NA RC"]
[PlyCount "124"]
[EventDate "2019.05.18"]
[EventType "swiss"]
[EventCountry "RSA"]
[SourceTitle "playchess.com"]
[Source "ChessBase"]
[SourceQuality "1"]
[TimeControl "1500+10"]

1. g3 d5 2. Bg2 c6 3. d4 Nf6 4. Nc3 (4. Nf3 Bf5 5. c4 e6 6. Nc3 h6 7. O-O Nbd7 8. Nd2 Be7 9. e4 dxe4 10. Ndxe4 Nxe4 11. Nxe4 O-O 12. Qb3 Qb6 13. Be3 Nf6 14. Nc3 Qxb3 15. axb3 a6 16. d5 cxd5 17. cxd5 e5 18. Na4 Nd7 19. d6 Bxd6 20. Rfd1 {1-0 (36) Artemiev,V (2691)-Ibrahimov,R (2518) Riadh 2017}) 4... g6 5. e4 dxe4 6. Nxe4 {[%emt 0:00:04] D00: 1 d4 d5: Unusual lines} Nxe4 7. Bxe4 Bg7 8. Be3 O-O $146 ({Predecessor:} 8... Nd7 9. c3 Nf6 10. Bg2 O-O 11. Nf3 Be6 12. O-O a5 {0-1 (30) Hajek,Z (1902)-Karlik,V (2251) Olomouc 2015}) 9. Qd2 Nd7 10. O-O-O Nf6 11. Bg2 Ng4 12. Bf4 e5 13. dxe5 Qxd2+ 14. Rxd2 Nxe5 15. b3 Bf5 16. Nf3 Rfe8 17. Nd4 Bd7 18. Nf3 Bg4 19. Nxe5 Bxe5 20. Bxe5 Rxe5 21. h3 Be6 22. Rhd1 Kg7 23. Rd8 Rxd8 24. Rxd8 Re1+ 25. Rd1 Re2 26. Rd2 Re1+ 27. Rd1 Rxd1+ 28. Kxd1 Kf6 29. Kd2 Ke5 30. c3 a5 31. f4+ Kd6 32. Ke3 a4 33. bxa4 Bxa2 34. Kd4 b6 35. c4 Bb3 36. Bf3 Bxa4 37. Kc3 $2 {[%emt 0:00:18] [#]} (37. h4 $17) 37... Kc5 $1 38. g4 b5 39. cxb5 cxb5 40. h4 b4+ 41. Kd2 Kd4 42. f5 gxf5 43. gxf5 Ke5 (43... b3 $142 44. Be2 b2) 44. Be2 h6 45. Bd3 Bd7 46. Bc4 f6 47. Kc2 Bxf5+ 48. Kb2 Be6 49. Be2 Kf4 50. Kc2 Bg4 51. Bc4 Kg3 52. Kb3 Kxh4 53. Kxb4 Kg3 54. Kc3 Bf3 55. Kd2 h5 56. Ke1 Bg2 57. Be6 h4 58. Ke2 h3 59. Bxh3 Bxh3 60. Ke3 f5 61. Ke2 f4 62. Ke1 f3 0-1

[Event "SWVG Arnold Classic Prestige All 2019"]
[Site "Sandton"]
[Date "2019.05.18"]
[Round "3.12"]
[White "Sithole, Collins"]
[Black "Mpya, Tshediso M"]
[Result "1/2-1/2"]
[ECO "A07"]
[WhiteElo "1861"]
[BlackElo "1958"]
[Annotator "NA RC"]
[PlyCount "92"]
[EventDate "2019.05.18"]
[EventType "swiss"]
[EventCountry "RSA"]
[SourceTitle "playchess.com"]
[Source "ChessBase"]
[SourceQuality "1"]
[TimeControl "1500+10"]

1. Nf3 d5 2. g3 Bf5 3. Bg2 e6 4. d3 Nf6 5. h3 (5. c4 c6 6. cxd5 exd5 7. O-O Be7 8. Qc2 O-O 9. Nc3 Na6 10. a3 d4 11. Nb1 c5 12. Bg5 h6 13. Bxf6 Bxf6 14. Nbd2 Rc8 15. Rfe1 Qd7 {½-½ (68) Duda,J (2717)-Naiditsch,A (2705) Riadh 2017}) 5... h6 6. Nbd2 {[%emt 0:00:10] A07: Réti Opening: New York and Capablanca Systems} Be7 7. c4 $146 ({Predecessor:} 7. b3 O-O 8. Bb2 c5 9. O-O Nc6 10. Ne5 Nxe5 11. Bxe5 Nd7 12. Bb2 Bf6 13. Bxf6 Nxf6 {1-0 (58) Zabystrzan,P (2192)-Horvath,T (1971) Bohumin 2018}) 7... c6 8. O-O O-O 9. a3 a5 10. Rb1 b5 11. cxb5 cxb5 12. Nd4 Qd7 13. Nxf5 exf5 14. Nf3 Nc6 15. Bf4 Bd6 16. Qd2 Rfe8 17. Rfe1 Nh5 18. Bxd6 Qxd6 19. Kh2 Re6 20. Rbc1 Rg6 21. Rxc6 Qxc6 22. Ne5 Qd6 23. Nxg6 fxg6 24. Bf3 f4 25. g4 Nf6 26. Rc1 b4 27. a4 Re8 28. Qc2 Kh7 29. Qc5 Qxc5 30. Rxc5 Ra8 31. Kg2 Kg8 32. Bxd5+ Nxd5 33. Rxd5 Rc8 34. Rxa5 Rc2 35. Kf3 g5 36. Rb5 Rxb2 37. a5 Ra2 38. Rxb4 Rxa5 39. Rb7 Ra1 40. h4 gxh4 41. Kxf4 Rg1 42. Rb5 g5+ 43. Kf5 h3 44. Kf6 h2 45. Rb8+ Kh7 46. Rb7+ Kg8 1/2-1/2

[Event "SWVG Arnold Classic Prestige All 2019"]
[Site "Sandton"]
[Date "2019.05.18"]
[Round "4.1"]
[White "Makoto, Rodwell"]
[Black "Grover, Sahaj"]
[Result "1-0"]
[ECO "A09"]
[WhiteElo "2369"]
[BlackElo "2515"]
[Annotator "ChessBase"]
[PlyCount "74"]
[EventDate "2019.05.18"]
[EventType "swiss"]
[EventCountry "RSA"]
[SourceTitle "playchess.com"]
[Source "ChessBase"]
[SourceQuality "1"]
[TimeControl "1500+10"]

1. Nf3 d5 2. c4 d4 3. b4 c5 4. b5 Qc7 5. g3 e5 6. d3 f5 7. Bg2 Bd6 8. O-O Nf6 9. e3 O-O 10. exd4 cxd4 11. Ba3 Nbd7 12. Bxd6 Qxd6 13. Re1 Re8 14. a4 Nc5 15. Na3 Bd7 16. Nc2 a6 17. Nb4 a5 18. Nd5 Nxd5 19. cxd5 Qf6 20. Ra2 Re7 21. Rae2 Rae8 22. Qc2 b6 23. Qc4 Kf8 24. Nd2 Rc8 25. f4 e4 26. dxe4 fxe4 27. Qa2 e3 28. Nc4 Ree8 29. Qa3 Bg4 30. Ne5 Rxe5 31. fxe5 Qxe5 32. Rc2 Bf5 33. Rc4 d3 34. Bf3 Kg8 35. Qc3 Qxc3 36. Rxc3 Re8 37. Bd1 e2 1-0

[Event "SWVG Arnold Classic Prestige All 2019"]
[Site "Sandton"]
[Date "2019.05.18"]
[Round "4.2"]
[White "Mabusela, Johannes Manyedi"]
[Black "Zwakala, Ntando"]
[Result "1/2-1/2"]
[ECO "E48"]
[WhiteElo "2220"]
[BlackElo "2088"]
[Annotator "NA"]
[PlyCount "112"]
[EventDate "2019.05.18"]
[EventType "swiss"]
[EventCountry "RSA"]
[SourceTitle "playchess.com"]
[Source "ChessBase"]
[SourceQuality "1"]
[TimeControl "1500+10"]

1. d4 Nf6 2. c4 e6 3. Nc3 Bb4 4. e3 O-O 5. Bd3 c5 6. Nge2 d5 7. cxd5 exd5 8. dxc5 Bxc5 9. O-O Nc6 10. a3 a6 11. b4 Ba7 12. b5 Ne5 13. Bb1 Re8 14. Ra2 Be6 15. Nd4 Rc8 16. Nce2 Nc4 17. bxa6 bxa6 18. Nxe6 fxe6 19. Ng3 g6 20. e4 d4 21. Bd3 Qa5 22. Qe2 Ne5 23. Bxa6 Rb8 24. Bd2 Qa4 25. Bf4 Nfd7 26. Bd3 Qb3 27. Rd2 Qxa3 28. Bb5 d3 29. Bxd3 Qf8 30. Be3 Bxe3 31. Qxe3 Rbd8 32. Be2 Nf6 33. h3 Rxd2 34. Qxd2 Rd8 35. Qf4 Nfd7 36. Qxf8+ Nxf8 37. f4 Nc6 38. Bc4 Na5 39. Ba2 Rd3 40. Kh2 Kg7 41. f5 exf5 42. exf5 Nd7 43. fxg6 hxg6 44. Rf7+ Kh6 45. Ne4 Rd4 46. Nf2 Ne5 47. Ra7 Nac6 48. Ra3 Rd2 49. Ne4 Re2 50. Nf6 Kg7 51. Nd5 g5 52. Ne3 Kf6 53. Bd5 Ke7 54. Kg1 Nd4 55. Be4 Nb5 56. Rb3 Nd4 1/2-1/2

[Event "SWVG Arnold Classic Prestige All 2019"]
[Site "Sandton"]
[Date "2019.05.18"]
[Round "4.3"]
[White "Oatlhotse, Providence"]
[Black "Mnguni, Jacob Dumisani"]
[Result "1-0"]
[ECO "D15"]
[WhiteElo "2289"]
[BlackElo "2141"]
[Annotator "NA"]
[PlyCount "67"]
[EventDate "2019.05.18"]
[EventType "swiss"]
[EventCountry "RSA"]
[SourceTitle "playchess.com"]
[Source "ChessBase"]
[SourceQuality "1"]
[TimeControl "1500+10"]

1. c4 c6 2. Nf3 d5 3. d4 Nf6 4. Nc3 a6 5. h3 Nbd7 6. Bf4 dxc4 7. e4 e6 8. Bxc4 Be7 9. O-O O-O 10. Qe2 b5 11. Bd3 b4 12. Na4 g6 13. Rac1 Qa5 14. b3 c5 15. dxc5 Nxc5 16. Nxc5 Bxc5 17. Ne5 Nd7 18. Nc4 Qd8 19. Rfd1 Qe7 20. e5 Nb6 21. Be4 Nd5 22. Bxd5 exd5 23. Rxd5 Bb7 24. Rd2 Rac8 25. Rcd1 Qh4 26. Be3 Bxe3 27. Qxe3 Rxc4 28. bxc4 Qxc4 29. Rd4 Qxa2 30. Rxb4 Bc8 31. Rb8 Qe6 32. Qc5 Re8 33. Rd6 Qf5 34. Rc6 1-0

[Event "SWVG Arnold Classic Prestige All 2019"]
[Site "Sandton"]
[Date "2019.05.18"]
[Round "4.4"]
[White "Cawdery, Daniel"]
[Black "Erlank, Warrick"]
[Result "1-0"]
[ECO "C07"]
[WhiteElo "2428"]
[BlackElo "2006"]
[Annotator "NA"]
[PlyCount "65"]
[EventDate "2019.05.18"]
[EventType "swiss"]
[EventCountry "RSA"]
[SourceTitle "playchess.com"]
[Source "ChessBase"]
[SourceQuality "1"]
[TimeControl "1500+10"]

1. e4 e6 2. d4 d5 3. Nd2 c5 4. exd5 Qxd5 5. Ngf3 cxd4 6. Bc4 Qd6 7. O-O Nf6 8. Nb3 Nc6 9. Nbxd4 Nxd4 10. Nxd4 a6 11. c3 Bd7 12. Re1 Qc7 13. Bb3 O-O-O 14. Qf3 e5 15. Nc2 e4 16. Qe2 Ng4 17. g3 Bd6 18. Ne3 Nxe3 19. Bxe3 h5 20. Qc4 Bc6 21. Qxf7 h4 22. Qxc7+ Kxc7 23. Rad1 Rdf8 24. Bd5 Rf3 25. Bxc6 Kxc6 26. Rd4 Re8 27. Red1 Re6 28. Kg2 hxg3 29. hxg3 Rff6 30. Rc4+ Kb5 31. b3 a5 32. Rc8 a4 33. Rd5+ 1-0

[Event "SWVG Arnold Classic Prestige All 2019"]
[Site "Sandton"]
[Date "2019.05.18"]
[Round "4.5"]
[White "Simutowe, Musatwe"]
[Black "Masiya, Mfundo"]
[Result "0-1"]
[ECO "A25"]
[WhiteElo "2170"]
[BlackElo "1856"]
[Annotator "NA"]
[PlyCount "68"]
[EventDate "2019.05.18"]
[EventType "swiss"]
[EventCountry "RSA"]
[SourceTitle "playchess.com"]
[Source "ChessBase"]
[SourceQuality "1"]
[TimeControl "1500+10"]

1. c4 Nf6 2. Nc3 e5 3. g3 Nc6 4. Bg2 Bc5 5. e3 d5 6. cxd5 Nb4 7. d4 exd4 8. exd4 Be7 9. Nge2 Nbxd5 10. O-O O-O 11. Qb3 c6 12. h3 Nb6 13. Qc2 Re8 14. Rd1 Bf8 15. Nf4 Nfd5 16. Ncxd5 cxd5 17. Qb3 Be6 18. Bd2 Nc4 19. Bc3 b6 20. Re1 Rc8 21. Qd1 Bd6 22. Nxd5 Bb8 23. Ne3 Nxe3 24. Rxe3 Qd7 25. Kh2 Bd5 26. Qd3 Rxe3 27. Qxe3 Re8 28. Qd3 h5 29. h4 Bxg2 30. Kxg2 g6 31. d5 Be5 32. Re1 Bxc3 33. Rxe8+ Qxe8 34. bxc3 Qd7 0-1

[Event "SWVG Arnold Classic Prestige All 2019"]
[Site "Sandton"]
[Date "2019.05.18"]
[Round "4.6"]
[White "Bhawoodien, Shabir Hussain"]
[Black "Mthunzi, Brighton"]
[Result "1-0"]
[ECO "B43"]
[WhiteElo "2020"]
[BlackElo "2006"]
[Annotator "NA"]
[PlyCount "60"]
[EventDate "2019.05.18"]
[EventType "swiss"]
[EventCountry "RSA"]
[SourceTitle "playchess.com"]
[Source "ChessBase"]
[SourceQuality "1"]
[TimeControl "1500+10"]

1. e4 c5 2. Nc3 e6 3. Nf3 a6 4. d4 cxd4 5. Nxd4 Qc7 6. Be2 b5 7. O-O Bb7 8. a3 Nf6 9. Bf3 d6 10. Re1 Be7 11. g4 O-O 12. g5 Nfd7 13. Bg2 Nc6 14. h4 Nxd4 15. Qxd4 Ne5 16. h5 Rac8 17. h6 gxh6 18. gxh6 Bf6 19. Qe3 Kh8 20. Kh1 Rg8 21. Qf4 Rg6 22. f3 Rcg8 23. Rg1 Bg5 24. Qh2 Rxh6 25. Qxh6 Bxh6 26. Bxh6 Qe7 27. Bf4 Qh4+ 28. Bh2 Rg6 29. Bh3 Qxh3 30. Rxg6 hxg6 1-0

[Event "SWVG Arnold Classic Prestige All 2019"]
[Site "Sandton"]
[Date "2019.05.18"]
[Round "4.7"]
[White "Goosen, Anton"]
[Black "Khumalo, Keith"]
[Result "1-0"]
[ECO "D35"]
[WhiteElo "1965"]
[BlackElo "2086"]
[Annotator "NA"]
[PlyCount "92"]
[EventDate "2019.05.18"]
[EventType "swiss"]
[EventCountry "RSA"]
[SourceTitle "playchess.com"]
[Source "ChessBase"]
[SourceQuality "1"]
[TimeControl "1500+10"]

1. d4 Nf6 2. Bg5 d5 3. e3 Nbd7 4. c4 e6 5. Nc3 c6 6. cxd5 exd5 7. Bd3 h6 8. Bh4 Be7 9. Nge2 O-O 10. h3 Re8 11. g4 Ne4 12. Bxe7 Qxe7 13. Nxe4 dxe4 14. Bc2 Qb4+ 15. Nc3 Nf6 16. Rb1 a5 17. Qd2 Qe7 18. Bb3 Nh7 19. Bc4 Qh4 20. Qc2 Bxg4 21. Be2 Bxe2 22. Qxe2 Re6 23. Kd2 Rf6 24. Rbf1 Ng5 25. Kc2 b5 26. Kb1 Rf3 27. a3 Rxh3 28. Rxh3 Qxh3 29. Rg1 Qe6 30. d5 Qe5 31. dxc6 Rb8 32. Rd1 b4 33. Nb5 Ne6 34. a4 Rc8 35. Qc4 Nc7 36. Rd4 Qh5 37. Nxc7 Rxc7 38. Rd7 Rxd7 39. cxd7 Qd1+ 40. Ka2 Qxa4+ 41. Kb1 Qd1+ 42. Ka2 Qxd7 43. Kb3 Qe6 44. Qxe6 fxe6 45. Kc4 h5 46. Kd4 a4 1-0

[Event "SWVG Arnold Classic Prestige All 2019"]
[Site "Sandton"]
[Date "2019.05.18"]
[Round "4.8"]
[White "Simpson, Michael M"]
[Black "Fourie, Brandon"]
[Result "1-0"]
[ECO "A01"]
[WhiteElo "1995"]
[BlackElo "1566"]
[Annotator "NA"]
[PlyCount "59"]
[EventDate "2019.05.18"]
[EventType "swiss"]
[EventCountry "RSA"]
[SourceTitle "playchess.com"]
[Source "ChessBase"]
[SourceQuality "1"]
[TimeControl "1500+10"]

1. g3 Nf6 2. Bg2 d5 3. b3 e5 4. Bb2 Nc6 5. Nf3 Bd6 6. d4 e4 7. Nfd2 e3 8. fxe3 Ng4 9. Nf1 O-O 10. Nc3 Qf6 11. Bf3 Ne7 12. e4 dxe4 13. Nxe4 Qg6 14. Nxd6 Qxd6 15. e4 f5 16. e5 Qb6 17. Qd2 Be6 18. Ne3 Nxe3 19. Qxe3 Nd5 20. Qd2 f4 21. c4 Ne7 22. gxf4 Ng6 23. c5 Qa6 24. d5 Nxf4 25. Be4 Bg4 26. Rf1 g5 27. Rg1 h5 28. Qc2 Nh3 29. Bh7+ Kh8 30. e6+ {[%emt 0:00:05] Kg7 [%clk 0:00:00] Qg6# [%clk 0:00:00] Kh6 Qc2 [%clk 0:00:00] Kg7 [%clk 0:00:00]} 1-0

[Event "SWVG Arnold Classic Prestige All 2019"]
[Site "Sandton"]
[Date "2019.05.18"]
[Round "4.9"]
[White "Bucceri, Draven"]
[Black "Mwale, Joseph"]
[Result "0-1"]
[ECO "D02"]
[WhiteElo "1633"]
[BlackElo "2274"]
[Annotator "NA"]
[PlyCount "115"]
[EventDate "2019.05.18"]
[EventType "swiss"]
[EventCountry "RSA"]
[SourceTitle "playchess.com"]
[Source "ChessBase"]
[SourceQuality "1"]
[TimeControl "1500+10"]

1. d4 Nf6 2. Bf4 e6 3. e3 d5 4. c3 Bd6 5. Bg3 c5 6. Bd3 Nc6 7. Nf3 O-O 8. Ne5 Qc7 9. f4 a6 10. O-O b5 11. Bh4 Be7 12. Nd2 b4 13. Rf3 bxc3 14. bxc3 Rb8 15. Bxf6 g6 16. Nxc6 Bxf6 17. Nxb8 Qxb8 18. Rb1 Qc7 19. Rf1 Bd7 20. Nf3 Qa5 21. Qd2 c4 22. Be2 Bb5 23. Rb2 Be7 24. a4 Bc6 25. Ne5 Qc7 26. Rfb1 a5 27. Nxc6 Qxc6 28. Bd1 Bd6 29. Rb6 Qc7 30. Qb2 Qd8 31. Qb5 h5 32. Qc6 Ba3 33. Bf3 h4 34. Rb7 h3 35. g3 Qf6 36. Bxd5 Qf5 37. Be4 Qf6 38. Rb8 Kg7 39. Rxf8 Bxf8 40. Qxc4 Qe7 41. Qb3 e5 42. fxe5 Qg5 43. c4 Bb4 44. c5 Bd2 45. Kf2 Qg4 46. Bf3 Qf5 47. e4 Qd7 48. Qc4 Bb4 49. c6 Qc7 50. Qd5 Qb6 51. Rc1 Bd2 52. Rc2 Bg5 53. c7 Qb1 54. c8=Q Be3+ 55. Kxe3 Qe1+ 56. Kf4 g5+ 57. Kf5 g4 58. Qxf7+ 0-1

[Event "SWVG Arnold Classic Prestige All 2019"]
[Site "Sandton"]
[Date "2019.05.18"]
[Round "4.10"]
[White "Steyn, Hans"]
[Black "Sithole, Collins"]
[Result "1-0"]
[ECO "A38"]
[WhiteElo "1820"]
[BlackElo "1861"]
[Annotator "NA"]
[PlyCount "89"]
[EventDate "2019.05.18"]
[EventType "swiss"]
[EventCountry "RSA"]
[SourceTitle "playchess.com"]
[Source "ChessBase"]
[SourceQuality "1"]
[TimeControl "1500+10"]

1. Nf3 Nf6 2. c4 c5 3. Nc3 Nc6 4. g3 g6 5. Bg2 Bg7 6. O-O d6 7. d3 Bd7 8. Bd2 Rb8 9. Qc1 h6 10. Rb1 a6 11. a3 Ng4 12. b4 cxb4 13. axb4 b5 14. cxb5 axb5 15. h3 Nge5 16. Nxe5 Nxe5 17. Qa3 O-O 18. Rfc1 Nc6 19. Qb3 Be6 20. Nd5 Rc8 21. Qd1 Bd7 22. Kh2 e6 23. Nc3 Qb6 24. Ne4 Nd4 25. e3 Nf5 26. d4 Qb8 27. Kg1 Ne7 28. Nc3 Rc7 29. Ne4 Ra7 30. Ra1 Rxa1 31. Rxa1 Nc8 32. Ra6 Nb6 33. Qa1 f5 34. Nc3 d5 35. Be1 Nc4 36. Ra7 Bc6 37. Ne2 g5 38. Nc1 f4 39. exf4 gxf4 40. Nd3 fxg3 41. fxg3 Ne3 42. Ne5 Bxe5 43. dxe5 Nc2 44. Qa6 Nxe1 45. Re7 1-0